 Dungeon Crawl Stone Soup version 0.25.1-2-g60ff931df9 (webtiles) character file.

Game seed: 17811736622112702583

3818 DearestLeader the Destroyer (level 9, -4/45 HPs)
             Began as a Deep Elf Conjurer on Sept 14, 2020.
             Was a Believer of Vehumet.
             Slain by Erica
             ... wielding a +3 scimitar of flaming
              (5 damage)
             ... on level 8 of the Dungeon.
             The game lasted 00:28:46 (9502 turns).

DearestLeader the Destroyer (Deep Elf Conjurer)     Turns: 9502, Time: 00:28:47

Health: -4/45      AC:  4    Str:  5    XL:     9   Next: 97%
Magic:  11/23      EV: 17    Int: 24    God:    Vehumet [**....]
Gold:   449        SH:  0    Dex: 15    Spells: 9/25 levels left

rFire    . . .     SeeInvis .   C - +2 whip (elec)
rCold    + . .     Gourm    .   (no shield)
rNeg     . . .     Faith    .   a - +0 robe
rPois    .         Spirit   .   (no helmet)
rElec    .         Reflect  .   w - +0 cloak
rCorr    .         Harm     .   (no gloves)
MR       .....                  r - +0 pair of boots
Stlth    ++........             (no amulet)
HPRegen  0.15/turn              B - ring of protection from cold
MPRegen  0.18/turn              i - ring of wizardry

@: no status effects
A: no striking features
a: Renounce Religion


You were on level 8 of the Dungeon.
You worshipped Vehumet.
Vehumet was pleased with you.
You were not hungry.

You visited 2 branches of the dungeon, and saw 9 of its levels.

You collected 449 gold pieces.

Inventory:

Hand Weapons
 s - a +2 short sword of venom
 C - a +2 whip of electrocution (weapon)
Armour
 a - a +0 robe (worn)
 r - a +0 pair of boots (worn)
 w - a +0 cloak (worn)
 F - a scarf of harm
Jewellery
 i - a ring of wizardry (right hand)
 y - an uncursed ring of stealth
 B - a ring of protection from cold (left hand)
 D - an uncursed ring of positive energy {unknown}
Wands
 m - a wand of polymorph (10)
 n - a wand of paralysis (6)
 q - a wand of acid (4)
Scrolls
 b - 3 scrolls of blinking
 e - 2 scrolls of amnesia
 j - 4 scrolls of remove curse
 k - a scroll of magic mapping {unknown}
 l - 2 scrolls of teleportation
 p - 3 scrolls of enchant weapon
 u - 2 scrolls of immolation {unknown}
Potions
 d - 4 potions of berserk rage
 f - 5 potions of curing
 g - a potion of stabbing {unknown}
 h - 5 potions of heal wounds
 o - a potion of might {unknown}
 t - a potion of ambrosia
 v - a potion of lignification {unknown}
 x - 3 potions of cancellation
 z - 3 potions of flight
 A - 2 potions of brilliance {unknown}
 E - a potion of degeneration {unknown}
 H - a potion of resistance {unknown}
Comestibles
 c - 12 rations
 G - 10 chunks of flesh


   Skills:
 + Level 8.2 Dodging
 - Level 2.4 Stealth
 + Level 8.5 Spellcasting
 * Level 12.4 Conjurations
 - Level 3.0 Hexes


You had 9 spell levels left.
You knew the following spells:

 Your Spells              Type           Power        Failure   Level  Hunger
a - Magic Dart            Conj           ####         1%          1    None
b - Searing Ray           Conj           ######       1%          2    None
c - Iskenderun's Mystic   Conj/Tloc      #####...     1%          4    ##.....
d - Fulminant Prism       Conj/Hex       #####.....   1%          4    ##.....
e - Mephitic Cloud        Conj/Pois/Air  ####....     1%          3    None
f - Blink                 Tloc           N/A          4%          2    None

Your spell library contained the following spells:

 Spells                   Type           Power        Failure   Level  Hunger
 Freeze                   Ice            ##..         2%          1    None
 Corona                   Hex            ###....      1%          1    None
 Slow                     Hex            ###.....     1%          2    None
 Conjure Flame            Conj/Fire      #####...     1%          3    None
 Dazzling Flash           Conj/Hex       #####.       1%          3    None
 Animate Skeleton         Necr           N/A          2%          1    None
 Apportation              Tloc           ##....       2%          1    None
 Summon Small Mammal      Summ           ##..         2%          1    None
 Call Imp                 Summ           ##......     4%          2    None
 Shroud of Golubria       Chrm/Tloc      ##....       4%          2    None
 Gell's Gravitas          Tloc           ##........   8%          3    None
 Lesser Beckoning         Tloc           ##........   8%          3    None
 Teleport Other           Tloc           ##......     8%          3    None
 Passage of Golubria      Tloc           N/A          24%         4    ##.....


Dungeon Overview and Level Annotations

Branches:
Dungeon (8/15)             Temple (1/1) D:5            Lair (0/6) D:8

Altars:
Ashenzari
Cheibriados
Dithmenos
Elyvilon
Fedhas
Hepliaklqana
Kikubaaqudgha
Makhleb
Nemelex Xobeh
Okawaru
Ru
Sif Muna
Trog
Uskayaw
Vehumet
Wu Jian
Xom
Yredelemnul
The Shining One

Annotations:
D:8 1 runed translucent door, Erica; Prince Ribbit; sirjames's ghost, novice GnCj


Message History

You are knocked back by the lance of force.
You slam into the rock wall!
* * * LOW HITPOINT WARNING * * *
Casting: Searing Ray (safe; 1% risk of failure)
Confirm with . or Enter, or press ? or * to list all spells.
Aiming: Searing Ray (safe; 1% risk of failure)
Press: ? - help, Shift-Dir - straight line, f/p - Erica
Aim: Erica, wielding a +3 scimitar of flaming, wearing a +1 robe of magic resistance and carrying a wand of enslavement (9) (severely wounded)
The searing ray hits Erica!
Erica is severely wounded. (Press . to maintain the ray.)
The searing ray hits Erica!
Erica is almost dead.
The searing ray hits the goblin!
You kill the goblin!
Vehumet accepts your kill.
Erica hits you with a +3 scimitar of flaming!
* * * LOW HITPOINT WARNING * * *
Erica burns you.
You die...

#...P.......# #
#...........# ###
#.....>.....# #..
#.........# ###.#
#.........# #...#
#..P))..# #.#..
#.......# #>..#
##.).@.## #..#
##..@## #...
##.## #.## #)#
#)# #รท# ###.#
#)# #...# #.#
#)###
#.############.##
#....)..).......#
###########.##..#


You could see Erica.

Vanquished Creatures
  Pikel (D:8)
  Sigmund (D:6)
  2 wargs (D:8)
  2 slaves (D:8)
  2 ice beasts
  An orc warrior (D:8)
  A phantom (D:6)
  A black bear (D:6)
  A sky beast (D:8)
  3 ogres
  3 centaurs
  4 bullfrogs
  A water moccasin zombie (D:8)
  A scorpion (D:8)
  4 killer bees (D:8)
  3 howler monkeys
  5 crimson imps
  2 quasits (D:7)
  3 bullfrog zombies
  5 hounds
  An orc priest (D:3)
  7 orc wizards
  A bullfrog skeleton (D:5)
  A centaur skeleton (D:8)
  An iguana (D:3)
  Natasha (D:2)
  5 worker ants
  2 hound zombies
  A hound skeleton (D:4)
  A worker ant zombie (D:8)
  10 adders
  3 gnolls (D:3)
  A howler monkey skeleton (D:6)
  3 shadow imps
  2 oozes (D:2)
  2 worms
  3 dart slugs
  22 orcs
  8 bats
  5 giant cockroaches
  10 hobgoblins
  A quokka (D:8)
  3 frilled lizards
  5 goblins
  A jackal zombie (D:5)
  12 kobolds
  2 quokka skeletons
  13 rats
173 creatures vanquished.

Vanquished Creatures (others)
  3 fulminant prisms
3 creatures vanquished.

Grand Total: 176 creatures vanquished

Notes
Turn   | Place    | Note
-------+----------+-------------------------------------------
     0 | D:1      | DearestLeader the Deep Elf Conjurer began the quest for the
                  | Orb.
     0 | D:1      | Reached XP level 1. HP: 10/10 MP: 6/6
   259 | D:1      | Reached XP level 2. HP: 15/15 MP: 0/8
   447 | D:1      | Reached skill level 5 in Conjurations
  1200 | D:2      | Found a burning altar of Makhleb.
  1200 | D:2      | Found a white marble altar of Elyvilon.
  1236 | D:2      | Reached XP level 3. HP: 13/19 MP: 3/9
  1240 | D:2      | Learned a level 2 spell: Searing Ray
  1767 | D:2      | Reached skill level 6 in Conjurations
  1912 | D:2      | Reached XP level 4. HP: 18/24 MP: 10/10
  2073 | D:2      | Noticed Natasha
  2077 | D:2      | Killed Natasha
  2744 | D:3      | Found a shadowy altar of Dithmenos.
  2779 | D:3      | Reached skill level 7 in Conjurations
  2779 | D:3      | Reached XP level 5. HP: 22/28 MP: 0/11
  3233 | D:3      | Reached XP level 6. HP: 4/32 MP: 1/12
  3842 | D:3      | Reached skill level 8 in Conjurations
  4057 | D:4      | Learned a level 4 spell: Iskenderun's Mystic Blast
  4062 | D:4      | Learned a level 4 spell: Fulminant Prism
  4302 | D:4      | Reached skill level 1 in Hexes
  4575 | D:4      | Reached XP level 7. HP: 36/36 MP: 7/13
  4965 | D:5      | Entered Level 5 of the Dungeon
  5405 | D:5      | Found a staircase to the Ecumenical Temple.
  5409 | D:5      | Reached skill level 9 in Conjurations
  5428 | Temple   | Entered the Ecumenical Temple
  5432 | Temple   | Became a worshipper of Vehumet
  6200 | D:6      | Reached skill level 5 in Dodging
  6200 | D:6      | Reached XP level 8. HP: 41/41 MP: 12/16
  6379 | D:6      | Reached skill level 5 in Spellcasting
  6415 | D:6      | Reached skill level 10 in Conjurations
  6475 | D:6      | Noticed Sigmund
  6484 | D:6      | Killed Sigmund
  6750 | D:6      | Found a sacrificial altar of Ru.
  6925 | D:7      | Found a bloodstained altar of Trog.
  7264 | D:7      | Learned a level 3 spell: Mephitic Cloud
  7267 | D:7      | Learned a level 2 spell: Blink
  7392 | D:7      | Found a hazy altar of Hepliaklqana.
  7433 | D:7      | Reached * piety under Vehumet
  7433 | D:7      | Offered knowledge of Sandblast by Vehumet.
  7433 | D:7      | Reached XP level 9. HP: 45/45 MP: 17/20
  7580 | D:7      | Reached skill level 11 in Conjurations
  8355 | D:8      | Found a runed translucent door.
  8356 | D:8      | Noticed sirjames's ghost (novice GnCj)
  8560 | D:8      | Noticed Prince Ribbit
  8703 | D:8      | Found a shattered altar of Ashenzari.
  9182 | D:8      | Noticed Pikel
  9199 | D:8      | Killed Pikel
  9199 | D:8      | Reached skill level 12 in Conjurations
  9413 | D:8      | Found a staircase to the Lair.
  9427 | D:8      | Offered knowledge of Freeze by Vehumet.
  9464 | D:8      | Noticed Erica
  9502 | D:8      | Reached ** piety under Vehumet
  9502 | D:8      | HP: 1/45 [Erica/+3 scimitar of flaming (9)]
  9502 | D:8      | Slain by Erica

Illustrated notes

Levels and vault maps discovered:
D:1:      sevenhm_arrival_forest_fort_large_4, layout_loops_ring, serial_glass,
          glass_columns_b, glass_columns_c
D:2:      layout_loops_corners, gammafunk_temple_overflow_elements,
          minmay_tetromino_o2, uniq_natasha
D:3:      layout_loops_ring, nicolae_dithmenos_shadow_blocks, nrook_uturn
D:4:      layout_basic
D:5:      layout_basic, minmay_temple_entry_junction, first_ration
D:6:      layout_rooms, nicolae_ru_sacrificial_ziggurat, uniq_sigmund
D:7:      layout_loops_ring, old_standard_altar, basic_altar
D:8:      layout_loops_cross, nicolae_ashenzari_panopticon,
          erik_lair_orcish_takeover, enter_bailey_7, gammafunk_ghost_grave,
          basic_altar, uniq_erica, uniq_prince_ribbit1, uniq_pikel
Temple:   nicolae_temple_x_marks_the_god

Skill      XL: |  1  2  3  4  5  6  7  8  9 |
---------------+----------------------------+-----
Conjurations   | 5 6 7 8 9 10 12 | 12.4
Dodging        | 4 5 6 8 |  8.2
Hexes          | 1 3 |  3.0
Spellcasting   | 4 6 8 |  8.5
Stealth        | |  2.4

Action                   |  1- 3 |  4- 6 |  7- 9 || total
-------------------------+-------+-------+-------++-------
Melee: Short sword       |     2 |     4 |     8 ||    14
       Dagger            |     9 |       |       ||     9
       Whip              |       |       |    28 ||    28
 Cast: Magic Dart        |    64 |    63 |    48 ||   175
       Searing Ray       |     1 |    19 |    60 ||    80
       Fulminant Prism   |       |       |     3 ||     3
       Blink             |       |       |     2 ||     2
       Iskenderun's Myst |       |       |     1 ||     1
  Use: Scroll            |     5 |     7 |     2 ||    14
 Stab: Sleeping          |       |       |     1 ||     1
  Eat: Chunk             |     3 |     8 |    13 ||    24
       Ration            |       |       |     1 ||     1
Armor: Robe              |     4 |     7 |    12 ||    23
Dodge: Dodged            |    20 |    15 |    99 ||   134
